General information
- name: BNet
- type: Ladder team game (AT/RT)
- host: Battle.net
- saver: red_like_russia
map: TwistedMeadows
- players: 4
- length: 24:31
- speed: Fast
- version: 1.24 W3XP
- replay type: Public
» download(134 KB)
Players
team 1 (loser)
Pro[s]getsmad (
purple | 48 APM | 1170 actions | 24:30)
2 Demon Hunter
1 Mana Burn
1 Evasion
» actions
| Assign group hotkey | 53 | |
| Basic commands | 23 | |
| Build / train | 53 | |
| Enter build submenu | 31 | |
| Enter hero's abilities submenu | 2 | |
| Give item / drop item | 1 | |
| Remove unit from queue | 12 | |
| Right click | 477 | |
| Select / deselect | 346 | |
| Select group hotkey | 76 | |
| Use ability | 96 | |
1170 total
» units
» upgrades
» buildings
| Moon Well | 4 | |
| Altar of Elders | 1 | |
| Ancient of War | 3 | |
| Hunter's Hall | 1 | |
| Tree of Life | 8 | |
17 total
» build order
00:08 Moon Well
00:39 Altar of Elders
01:03 Ancient of War
01:52 Moon Well
02:00 Hunter's Hall
02:08 Ancient of War
02:39 Ancient of War
03:51 Tree of Life
05:09 Tree of Life
05:58 Moon Well
06:03 Moon Well
07:33 Tree of Life
12:54 Tree of Life
16:45 Tree of Life
17:26 Tree of Life
20:32 Tree of Life
21:28 Tree of Life
» items
zer0 (
pink | 153 APM | 3742 actions | 24:25)
6 Death Knight
3 Death Coil
1 Unholy Aura
2 Death Pact
5 Lich
3 Frost Nova
2 Dark Ritual
4 Crypt Lord
2 Impale
2 Spiked Carapace
» actions
| Assign group hotkey | 69 | |
| Basic commands | 284 | |
| Build / train | 70 | |
| ESC pressed | 1 | |
| Enter build submenu | 15 | |
| Enter hero's abilities submenu | 15 | |
| Give item / drop item | 10 | |
| Right click | 1363 | |
| Select / deselect | 623 | |
| Select group hotkey | 1137 | |
| Use ability | 155 | |
3742 total
» units
| Acolyte | 4 | |
| Ghoul | 4 | |
| Crypt Fiend | 9 | |
| Obsidian Statue | 7 | |
| Gargoyle | 4 | |
28 total
» upgrades
| Destroyer Form | 1 | |
| Web | 1 | |
| Creature Attack | 1 | |
| Creature Carapace | 1 | |
4 total
» buildings
| Crypt | 2 | |
| Graveyard | 1 | |
| Altar of Darkness | 1 | |
| Ziggurat | 8 | |
| Tomb of Relics | 1 | |
| Halls of the Dead | 1 | |
| Black Citadel | 1 | |
| Slaughterhouse | 2 | |
| Spirit Tower | 2 | |
19 total
» build order
00:05 Crypt
00:08 Graveyard
00:11 Altar of Darkness
00:34 Ziggurat
00:51 Tomb of Relics
01:54 Ziggurat
03:35 Halls of the Dead
04:21 Ziggurat
06:03 Black Citadel
06:55 Slaughterhouse
07:18 Ziggurat
07:19 Slaughterhouse
07:55 Ziggurat
11:24 Ziggurat
11:53 Ziggurat
17:02 Crypt
17:04 Ziggurat
17:40 Spirit Tower
17:40 Spirit Tower
» items
| Rod of Necromancy | 2 | |
| Sacrificial Skull | 1 | |
| Dust of Appearance | 2 | |
| Potion of Lesser Invulnerability | 3 | |
| Orb of Corruption | 1 | |
| Scroll of Town Portal | 3 | |
| Potion of Mana | 2 | |
14 total
team 2 (winner)
red_like_russia (
teal | 65 APM | 1592 actions | 24:31)
4 Mountain King
2 Storm Bolt
2 Bash
» actions
| Assign group hotkey | 46 | |
| Basic commands | 12 | |
| Build / train | 83 | |
| ESC pressed | 5 | |
| Enter build submenu | 41 | |
| Enter hero's abilities submenu | 4 | |
| Right click | 632 | |
| Select / deselect | 192 | |
| Select group hotkey | 497 | |
| Use ability | 80 | |
1592 total
» units
» upgrades
| Masonry | 3 | |
| Lumber Harvesting | 2 | |
| Swords | 3 | |
| Armor | 2 | |
| Storm Hammers | 1 | |
11 total
» buildings
| Lumber Mill | 2 | |
| Scout Tower | 19 | |
| Guard Tower | 19 | |
| Arcane Tower | 2 | |
| Farm | 12 | |
| Altar of Kings | 1 | |
| Town Hall | 1 | |
| Keep | 1 | |
| Arcane Vault | 1 | |
| Castle | 1 | |
| Gryphon Aviary | 3 | |
| Blacksmith | 1 | |
63 total
» build order
00:11 Lumber Mill
00:50 Scout Tower
00:59 Scout Tower
01:05 Guard Tower
01:16 Guard Tower
01:16 Guard Tower
01:20 Scout Tower
01:41 Guard Tower
01:42 Guard Tower
01:53 Scout Tower
02:08 Scout Tower
02:19 Arcane Tower
02:24 Farm
02:28 Arcane Tower
02:38 Scout Tower
02:52 Guard Tower
02:54 Scout Tower
03:04 Altar of Kings
03:17 Lumber Mill
03:26 Scout Tower
03:32 Farm
03:58 Guard Tower
04:20 Guard Tower
04:24 Scout Tower
04:25 Scout Tower
04:27 Scout Tower
04:29 Scout Tower
04:31 Scout Tower
04:32 Scout Tower
04:54 Guard Tower
04:59 Guard Tower
05:19 Town Hall
05:31 Guard Tower
05:48 Guard Tower
05:49 Guard Tower
06:13 Keep
07:36 Scout Tower
07:39 Scout Tower
07:40 Scout Tower
07:43 Scout Tower
07:58 Arcane Vault
08:05 Guard Tower
08:08 Guard Tower
08:09 Guard Tower
08:16 Guard Tower
08:49 Guard Tower
08:52 Castle
08:57 Gryphon Aviary
09:01 Gryphon Aviary
09:11 Blacksmith
09:16 Gryphon Aviary
09:30 Farm
09:32 Farm
09:35 Farm
12:04 Farm
12:05 Farm
12:06 Farm
12:08 Farm
12:36 Farm
12:39 Farm
12:40 Farm
19:05 Scout Tower
20:21 Guard Tower
» items
| Boots of Speed | 1 | |
| Staff of Teleportation | 1 | |
| Scroll of Healing | 2 | |
| Scroll of Town Portal | 1 | |
| Potion of Healing | 2 | |
| Scroll of Regeneration | 2 | |
| Orb of Fire | 1 | |
| Lesser Clarity Potion | 1 | |
| Potion of Lesser Invulnerability | 1 | |
12 total
youraidiot (
orange | 88 APM | 2154 actions | 24:30)
3 Blademaster
2 Wind Walk
1 Critical Strike
4 Shadow Hunter
2 Hex
2 Healing Wave
» actions
| Assign group hotkey | 337 | |
| Basic commands | 14 | |
| Build / train | 112 | |
| Enter build submenu | 31 | |
| Enter hero's abilities submenu | 7 | |
| Give item / drop item | 2 | |
| Right click | 988 | |
| Select / deselect | 392 | |
| Select group hotkey | 114 | |
| Use ability | 157 | |
2154 total
» units
| Peon | 9 | |
| Grunt | 4 | |
| Raider | 2 | |
| Wind Rider | 30 | |
| Spirit Walker | 1 | |
| Kodo Beast | 1 | |
| Troll Batrider | 9 | |
56 total
» upgrades
| Ensnare | 1 | |
| Ranged Weapons | 1 | |
| Armor | 1 | |
3 total
» buildings
| Altar of Storms | 1 | |
| Orc Burrow | 11 | |
| Barracks | 1 | |
| War Mill | 1 | |
| Stronghold | 16 | |
| Watch Tower | 5 | |
| Beastiary | 3 | |
| Fortress | 3 | |
| Spirit Lodge | 1 | |
| Voodoo Lounge | 1 | |
43 total
» build order
00:14 Altar of Storms
00:26 Orc Burrow
01:10 Barracks
01:46 Orc Burrow
03:20 War Mill
03:43 Stronghold
03:44 Stronghold
04:08 Orc Burrow
04:45 Watch Tower
04:48 Watch Tower
05:37 Watch Tower
06:21 Watch Tower
06:55 Beastiary
07:50 Beastiary
07:53 Watch Tower
08:42 Fortress
08:42 Fortress
08:47 Orc Burrow
10:00 Spirit Lodge
10:03 Beastiary
11:10 Orc Burrow
11:14 Orc Burrow
11:17 Orc Burrow
18:25 Voodoo Lounge
20:32 Orc Burrow
20:44 Orc Burrow
20:48 Orc Burrow
20:51 Orc Burrow
» items
| Boots of Speed | 1 | |
| Staff of Sanctuary | 1 | |
2 total
Chat log
(05:40 / All) red_like_russia: ole dickless nigga
(09:25 / All) youraidiot: bet u wish u were in the marines
(09:29 / All) youraidiot: not the army
(09:30 / All) youraidiot: jar head trash
(10:03 / All) red_like_russia: this is a pretty awesome game dont u think
(11:10 / All) red_like_russia: OBAMANATION
(11:40 / Allies) youraidiot: pool me like 800
(11:41 / Allies) youraidiot: got tri beast up
(24:24 / All) zer0: gg wp
(24:30 / All) youraidiot: hacking trash